 Dungeon Crawl Stone Soup version 0.30.0-20-g3615ddf2f0 (webtiles) character file.

Game seed: 7738943999447599819

15122 qw the Cleaver (level 12, 0/77 HPs)
             Began as a Gargoyle Fighter on May 31, 2023.
             Was an Elder of Okawaru.
             Slain by a jumping spider (4 damage)
             ... on level 2 of the Lair of Beasts.
             The game lasted 00:06:12 (11402 turns).

qw the Cleaver (Gargoyle Fighter)                  Turns: 11402, Time: 00:06:13

Health: 0/77       AC: 30    Str: 23    XL:     12   Next: 23%
Magic:  15/16      EV:  5    Int: 11    God:    Okawaru [****..]
Gold:   1279       SH:  0    Dex:  9    Spells: 11/11 levels left

rFire   . . .        o - +5 broad axe
rCold   . . .        c - +0 buckler
rNeg    + . .        n - +0 chain mail
rPois   inf          g - +0 helmet
rElec   +            f - +0 cloak
rCorr   .            (no gloves)
SInv    +            k - +0 pair of boots
Will    .....        p - amulet of the acrobat Stlth
                     j - +4 ring of protection
HPRegen 0.32/turn    i - ring of see invisible
MPRegen 0.15/turn

%: acrobat
@: heroic, acrobatic, held
A: sickness immunity, AC +8, negative energy resistance 1, electricity
resistance, torment resistance 1, petrification resistance
a: Renounce Religion, Heroism, Finesse


You were on level 2 of the Lair of Beasts.
You worshipped Okawaru.
Okawaru was greatly pleased with you.
You visited 3 branches of the dungeon, and saw 11 of its levels.
You also visited: Ossuary.

You collected 1375 gold pieces.
You spent 96 gold pieces at shops.


Innate Abilities, Weirdness & Mutations

You are immune to sickness and miasma.
Your stone body is resilient. (AC +8)
You are immune to poison.
You resist negative energy. (rN+)
You are resistant to electric shocks. (rElec)
You are resistant to unholy torment.
You are immune to petrification.


   Skills:
 - Level 10.0(15.0) Fighting
 + Level 12.6(17.6) Axes
 - Level 3.4(8.4) Throwing
 - Level 8.0(13.0) Armour
 - Level 2.3(7.3) Dodging
 - Level 6.0(11.0) Shields
 + Level 6.3 Invocations


You had 11 spell levels left.
You didn't know any spells.
Your spell library was empty.

Inventory:

Hand Weapons
 o - a +5 broad axe (weapon)
 r - a +0 demon whip of electrocution
Armour
 c - a +0 buckler (worn)
 f - a +0 cloak (worn)
 g - a +0 helmet (worn)
 k - a +0 pair of boots (worn)
 n - a +0 chain mail (worn)
Jewellery
 i - a ring of see invisible (right hand)
 j - a +4 ring of protection (left hand)
 p - an amulet of the acrobat (around neck)
 Y - a ring of protection from cold
Scrolls
 h - 4 scrolls of identify
Potions
 a - a potion of attraction
 b - a potion of resistance
 d - 5 potions of might
 e - 3 potions of haste
 m - 9 potions of curing
 q - a potion of mutation

Dungeon Overview and Level Annotations

Branches:
Dungeon (8/15)             Temple (1/1) D:6            Lair (2/5) D:8
 Spider (0/4) Lair:2      Ossuary (visited)
  Swamp: Lair:2-3    Shoals: Lair:2-3

Altars:
Cheibriados
Dithmenos
Fedhas
Gozag
Hepliaklqana
Kikubaaqudgha
Makhleb
Nemelex Xobeh
Okawaru
Qazlal
Sif Muna
Trog
Vehumet
Wu Jian
Xom
Yredelemnul
Zin
The Shining One

Shops:
D:4 !


Message History

Enter note:
Enter note:
Enter note:
Enter note:
Enter note:
Enter note:
Enter note:
Enter note:
Enter note:
Enter note:
Enter note:
Enter note:
Enter note: The jumping spider pounces on you but does no damage.
The jumping spider bites you but does no damage.
The jumping spider leaps!
The jumping spider leaps!
The jumping spider leaps!
The jumping spider pounces on you but does no damage.
The jumping spider bites you but does no damage.
The jumping spider leaps! x2
You feel like a meek peon again.
11397 ||| INVOKING Heroism.
You gain the combat prowess of a mighty hero.
The jumping spider pounces on you but does no damage.
The jumping spider bites you but does no damage.
Enter note:
Enter note:
Enter note:
Enter note:
Enter note: You struggle to detach yourself from the web.
The jumping spider leaps!
The jumping spider leaps!
The jumping spider pounces on you but does no damage.
The jumping spider bites you but does no damage.
The jumping spider pounces on you but does no damage.
The jumping spider bites you. The jumping spider pounces on you.
You die...

#.7 7 #7.77. # #.7..777
# # ###...P7.77 ##+# P#
# ##.#777..7.777# #PP#
P# #
#......7......7777#PP#P7
#
##..##...7...77.....7.P#
##
#P...#.#7#7##s7#7.77.###
.# ##.##.## #.@%# ##7###
.#####..### #~....#
.#..##.###.#..~~~.~~~.
..#........#.~.~~.~~.~.#
.............~~.~.~.~~.#
............0~~~..(~~~..
..........(......>.....#
#............~~~...~~~..
##...........~


You could see a jumping spider.

Vanquished Creatures
  A catoblepas (Lair:1)
  A deep elf pyromancer (D:8)
  Pikel (D:8)
  An ugly thing (D:8)
  4 elephants (Lair:2)
  A black mamba (Lair:2)
  4 cane toads
  3 gargoyles (D:8)
  2 komodo dragons
  A rime drake (Lair:2)
  An ice devil (D:7)
  A polar bear (Lair:2)
  Grinder (D:5)
  8 blink frogs
  A jumping spider (Lair:2)
  Sigmund (D:4)
  2 fire elementals (D:8)
  A basilisk (Lair:1)
  3 yaks (Lair:1)
  3 redbacks (Lair:2)
  A steam dragon (Lair:1)
  Edmund (D:5)
  Duvessa (D:5)
  6 water moccasins
  3 ice beasts
  2 black bears
  2 centaurs
  An ogre (D:6)
  12 wolves
  A phantom (D:4)
  2 kobold brigands
  6 bullfrogs
  A gnoll sergeant (D:7)
  5 scorpions
  6 wights
  Dowan (D:5)
  2 electric eels (Lair:1)
  2 howler monkeys
  2 hounds
  5 orc priests
  2 jellies
  2 sleepcaps
  4 iguanas
  Ijyb (D:4)
  Natasha (thrice) (D:4)
  6 orc wizards
  8 mummies (Ossuary)
  Robin (D:4)
  12 gnolls
  6 adders
  2 shadow imps
  A white imp (D:8)
  2 ufetubi (D:5)
  A worm zombie (D:6)
  2 worms
  A dart slug (D:2)
  29 orcs
  8 bats
  10 endoplasms
  5 giant cockroaches
  A gnoll zombie (Ossuary)
  13 goblins
  19 hobgoblins
  6 jackals (D:3)
  11 kobolds
  A quokka (D:1)
  7 ball pythons
  2 frilled lizards
  2 hobgoblin zombies (Ossuary)
  A jackal zombie (D:6)
  2 kobold zombies (Ossuary)
  3 orc zombies (Ossuary)
  11 rats
288 creatures vanquished.

Notes
Turn   | Place    | Note
-------+----------+-------------------------------------------
     0 | D:1      | qw the Gargoyle Fighter began the quest for the Orb.
     0 | D:1      | Reached XP level 1. HP: 14/14 MP: 1/1
     0 | D:1      | 0 ||| qw: Version: 0.2-a-102-gfc559e5
     0 | D:1      | 0 ||| qw: Game counter: 555
     0 | D:1      | 0 ||| qw: Always use a shield: true
     0 | D:1      | 0 ||| qw: God list: Okawaru
     0 | D:1      | 0 ||| qw: Allow faded altars: false
     0 | D:1      | 0 ||| qw: Do Orc after D:15 true
     0 | D:1      | 0 ||| qw: Do second Lair branch before Depths: true
     0 | D:1      | 0 ||| qw: Lair rune preference: random
     0 | D:1      | 0 ||| qw: Plans: Normal, Zot:1-4, Slime:5, God:TSO, Crypt,
                  | Tomb, Pan, Hells, Abyss, Win
     0 | D:1      | 0 ||| PLANNING D:1-11
    89 | D:1      | Reached skill level 2 in Axes
   201 | D:1      | Reached XP level 2. HP: 19/19 MP: 2/2
   416 | D:1      | 416 ||| Stepping ~*~*~tactically~*~*~ (hiding).
   417 | D:1      | 417 ||| Stepping ~*~*~tactically~*~*~ (hiding).
   421 | D:1      | 421 ||| Stepping ~*~*~tactically~*~*~ (hiding).
   422 | D:1      | 422 ||| Stepping ~*~*~tactically~*~*~ (hiding).
   455 | D:1      | 455 ||| Stepping ~*~*~tactically~*~*~ (stealth).
   503 | D:1      | 503 ||| READING scroll labelled TEORID IT KENE.
   527 | D:1      | 527 ||| DROPPING +0 club.
   657 | D:1      | Reached skill level 3 in Axes
   735 | D:1      | Reached XP level 3. HP: 23/23 MP: 3/3
  1041 | D:1      | 1041 ||| READING scroll labelled VOHUPH YCIATZ.
  1042 | D:1      | 1042 ||| READING scroll labelled GEEKIZI DOAHA.
  1043 | D:1      | 1043 ||| READING 3 scrolls labelled AZOMPA MYKIMP.
  1044 | D:1      | 1044 ||| READING 2 scrolls of identify.
  1044 | D:1      | 1044 ||| IDENTIFYING metallic green potion
  1120 | D:2      | 1120 ||| Stepping ~*~*~tactically~*~*~ (stealth).
  1124 | D:2      | 1124 ||| Stepping ~*~*~tactically~*~*~ (stealth).
  1127 | D:2      | 1127 ||| Stepping ~*~*~tactically~*~*~ (stealth).
  1129 | D:2      | 1129 ||| Stepping ~*~*~tactically~*~*~ (stealth).
  1385 | D:2      | Reached XP level 4. HP: 25/28 MP: 4/4
  1491 | D:2      | 1491 ||| Stepping ~*~*~tactically~*~*~ (hiding).
  1492 | D:2      | 1492 ||| Stepping ~*~*~tactically~*~*~ (hiding).
  1498 | D:2      | Reached skill level 4 in Axes
  1770 | D:2      | 1770 ||| UPGRADING to +0 helmet.
  1775 | D:2      | 1775 ||| UPGRADING to +4 ring of protection.
  1776 | D:2      | 1776 ||| READING scroll labelled UNLEARCH SESSUM.
  1777 | D:2      | 1777 ||| READING scroll labelled WIMAIQIROC.
  1778 | D:2      | 1778 ||| READING scroll labelled VALAZU OMIEWK.
  1781 | D:2      | 1781 ||| DRINKING 3 sedimented orange potions.
  1782 | D:2      | 1782 ||| READING 2 scrolls of identify.
  1782 | D:2      | 1782 ||| IDENTIFYING fuming yellow potion
  1817 | D:3      | You fall into a shaft and drop 2 floors!
  1817 | D:5      | Entered Level 5 of the Dungeon
  1819 | D:5      | Noticed a scorpion
  1824 | D:5      | Noticed an ice beast
  1838 | D:5      | Killed an ice beast
  1839 | D:5      | Reached skill level 5 in Axes
  1839 | D:5      | Reached XP level 5. HP: 17/32 MP: 5/5
  1841 | D:5      | Reached XP level 6. HP: 21/38 MP: 6/6
  1906 | D:5      | Noticed Edmund
  1923 | D:5      | Killed Edmund
  1954 | D:5      | 1954 ||| UPGRADING to +0 cloak.
  1968 | D:4      | Noticed Ijyb
  1969 | D:4      | 1969 ||| Stepping ~*~*~tactically~*~*~ (hiding).
  1974 | D:4      | 1974 ||| Stepping ~*~*~tactically~*~*~ (hiding).
  1983 | D:4      | Killed Ijyb
  2045 | D:4      | 2045 ||| Stepping ~*~*~tactically~*~*~ (stealth).
  2050 | D:4      | 2050 ||| Stepping ~*~*~tactically~*~*~ (stealth).
  2052 | D:4      | 2052 ||| Stepping ~*~*~tactically~*~*~ (stealth).
  2053 | D:4      | 2053 ||| Stepping ~*~*~tactically~*~*~ (stealth).
  2054 | D:4      | 2054 ||| Stepping ~*~*~tactically~*~*~ (stealth).
  2073 | D:4      | 2073 ||| Stepping ~*~*~tactically~*~*~ (stealth).
  2075 | D:4      | 2075 ||| Stepping ~*~*~tactically~*~*~ (stealth).
  2076 | D:4      | 2076 ||| Stepping ~*~*~tactically~*~*~ (stealth).
  2102 | D:4      | 2102 ||| DROPPING +0 whip.
  2107 | D:4      | Noticed Sigmund
  2108 | D:4      | 2108 ||| SWAPPING to +0 broad axe.
  2129 | D:4      | 2129 ||| DRINKING 2 potions of curing.
  2129 | D:4      | 2129 ||| (to cure confusion)
  2134 | D:4      | Killed Sigmund
  2135 | D:4      | Reached skill level 6 in Axes
  2135 | D:4      | Reached XP level 7. HP: 28/43 MP: 7/7
  2189 | D:4      | 2189 ||| DROPPING +0 war axe.
  2258 | D:4      | Noticed Robin
  2260 | D:4      | 2260 ||| Stepping ~*~*~tactically~*~*~ (hiding).
  2284 | D:4      | Killed Robin
  2286 | D:4      | HP: 6/43 [hobgoblin[Robin] (6)]
  2452 | D:4      | 2452 ||| Stepping ~*~*~tactically~*~*~ (hiding).
  2453 | D:4      | 2453 ||| Stepping ~*~*~tactically~*~*~ (hiding).
  2494 | D:4      | 2494 ||| UPGRADING to +0 chain mail.
  2504 | D:4      | 2504 ||| DROPPING +0 scale mail.
  2505 | D:4      | 2505 ||| READING scroll labelled HIOT MIPSEUMO.
  2506 | D:4      | 2506 ||| DRINKING 2 fuming emerald potions.
  2507 | D:4      | 2507 ||| DROPPING potion of brilliance.
  2566 | D:3      | 2566 ||| FLEEEEING.
  2567 | D:3      | 2567 ||| FLEEEEING.
  2568 | D:3      | 2568 ||| FLEEEEING.
  2569 | D:3      | 2569 ||| FLEEEEING.
  2570 | D:3      | 2570 ||| FLEEEEING.
  2572 | D:3      | 2572 ||| FLEEEEING.
  2573 | D:3      | 2573 ||| FLEEEEING.
  2574 | D:3      | 2574 ||| FLEEEEING.
  2575 | D:3      | 2575 ||| FLEEEEING.
  2577 | D:3      | 2577 ||| FLEEEEING.
  2578 | D:3      | 2578 ||| STAIRDANCE
  2601 | D:3      | 2601 ||| STAIRDANCE
  2661 | D:3      | 2661 ||| Stepping ~*~*~tactically~*~*~ (stealth).
  2669 | D:3      | 2669 ||| Stepping ~*~*~tactically~*~*~ (stealth).
  2683 | D:3      | Found a blossoming altar of Fedhas.
  2705 | D:3      | 2705 ||| Stepping ~*~*~tactically~*~*~ (stealth).
  2707 | D:3      | 2707 ||| Stepping ~*~*~tactically~*~*~ (stealth).
  2755 | D:3      | Reached skill level 7 in Axes
  3140 | D:3      | 3140 ||| Stepping ~*~*~tactically~*~*~ (stealth).
  3141 | D:3      | 3141 ||| Stepping ~*~*~tactically~*~*~ (stealth).
  3246 | D:3      | Found a shadowy altar of Dithmenos.
  3384 | D:3      | Found an opulent altar of Gozag.
  3480 | D:3      | 3480 ||| READING scroll labelled UFEOGU GAFFENO.
  3481 | D:3      | 3481 ||| READING scroll labelled TARGHI ETOO.
  3582 | D:3      | 3582 ||| READING 3 scrolls of identify.
  3582 | D:3      | 3582 ||| IDENTIFYING murky brown potion
  3583 | D:3      | 3583 ||| DROPPING potion of ambrosia.
  3711 | D:4      | 3711 ||| DROPPING +4 mace.
  3717 | D:4      | Found Zucet's Distillery.
  3732 | D:4      | 3732 ||| SHOPLISTING 2 potions of cancellation (192 gold,
                  | have 172).
  3732 | D:4      | 3732 ||| BUYING potion of curing (36 gold).
  3732 | D:4      | Bought a potion of curing for 36 gold pieces
  3732 | D:4      | 3732 ||| BUYING potion of heal wounds (60 gold).
  3732 | D:4      | Bought a potion of heal wounds for 60 gold pieces
  3732 | D:4      | 3732 ||| SHOPLISTING potion of mutation (96 gold, have 76).
  3732 | D:4      | 3732 ||| SHOPLISTING potion of resistance (120 gold, have
                  | 76).
  3749 | D:4      | Noticed Natasha
  3750 | D:4      | 3750 ||| Stepping ~*~*~tactically~*~*~ (hiding).
  3755 | D:4      | Killed Natasha
  3941 | D:4      | 3941 ||| FLEEEEING.
  3942 | D:4      | 3942 ||| FLEEEEING.
  3946 | D:4      | 3946 ||| FLEEEEING.
  3947 | D:4      | 3947 ||| FLEEEEING.
  3948 | D:4      | 3948 ||| FLEEEEING.
  3949 | D:4      | 3949 ||| FLEEEEING.
  3950 | D:4      | 3950 ||| FLEEEEING.
  3951 | D:4      | 3951 ||| FLEEEEING.
  3952 | D:4      | 3952 ||| FLEEEEING.
  3953 | D:4      | 3953 ||| FLEEEEING.
  3954 | D:4      | 3954 ||| FLEEEEING.
  3955 | D:4      | 3955 ||| FLEEEEING.
  3956 | D:4      | 3956 ||| FLEEEEING.
  3957 | D:4      | 3957 ||| FLEEEEING.
  3958 | D:4      | 3958 ||| FLEEEEING.
  3959 | D:4      | 3959 ||| FLEEEEING.
  3960 | D:4      | 3960 ||| FLEEEEING.
  3961 | D:4      | 3961 ||| FLEEEEING.
  3962 | D:4      | 3962 ||| FLEEEEING.
  3972 | D:4      | Reached XP level 8. HP: 23/50 MP: 8/8
  4096 | D:4      | Noticed Natasha
  4097 | D:4      | 4097 ||| Stepping ~*~*~tactically~*~*~ (stealth).
  4098 | D:4      | 4098 ||| Stepping ~*~*~tactically~*~*~ (stealth).
  4099 | D:4      | 4099 ||| Stepping ~*~*~tactically~*~*~ (stealth).
  4100 | D:4      | 4100 ||| Stepping ~*~*~tactically~*~*~ (stealth).
  4102 | D:4      | 4102 ||| Stepping ~*~*~tactically~*~*~ (hiding).
  4115 | D:4      | Killed Natasha
  4156 | D:4      | Found a basalt altar of Yredelemnul.
  4195 | D:4      | Noticed Natasha
  4206 | D:4      | Killed Natasha
  4663 | D:4      | 4663 ||| UPGRADING to +0 pair of boots.
  4668 | D:4      | 4668 ||| UPGRADING to ring of protection from cold.
  4829 | D:5      | 4829 ||| Stepping ~*~*~tactically~*~*~ (hiding).
  4831 | D:5      | 4831 ||| Stepping ~*~*~tactically~*~*~ (hiding).
  4832 | D:5      | Noticed Dowan
  4833 | D:5      | Noticed Grinder
  4837 | D:5      | Paralysed by Grinder for 5 turns
  4844 | D:5      | HP: 12/50 [Grinder/nerve-wracking pain (4)]
  4845 | D:5      | 4845 ||| READING 2 scrolls of teleportation.
  4846 | D:5      | 4846 ||| DRINKING 2 potions of heal wounds.
  4946 | D:5      | 4946 ||| Stepping ~*~*~tactically~*~*~ (stealth).
  4955 | D:5      | 4955 ||| Stepping ~*~*~tactically~*~*~ (stealth).
  4956 | D:5      | 4956 ||| Stepping ~*~*~tactically~*~*~ (stealth).
  4966 | D:5      | Noticed Duvessa
  4976 | D:5      | Killed Dowan
  4979 | D:5      | Reached skill level 8 in Axes
  4979 | D:5      | Killed Duvessa
  4980 | D:5      | Reached skill level 6 in Fighting
  4998 | D:5      | HP: 5/51 [orc priest/divine providence (12)]
  4999 | D:5      | 4999 ||| READING scroll of teleportation.
  5000 | D:5      | 5000 ||| DRINKING potion of heal wounds.
  5009 | D:5      | HP: 4/51 [iguana (10)]
  5176 | D:5      | Found a glowing silver altar of Zin.
  5176 | D:5      | Found a burning altar of Makhleb.
  5177 | D:5      | Noticed a green death
  5177 | D:5      | Noticed an angel
  5205 | D:5      | 5205 ||| Stepping ~*~*~tactically~*~*~ (stealth).
  5206 | D:5      | 5206 ||| Stepping ~*~*~tactically~*~*~ (stealth).
  5214 | D:5      | 5214 ||| Stepping ~*~*~tactically~*~*~ (stealth).
  5216 | D:5      | 5216 ||| Stepping ~*~*~tactically~*~*~ (hiding).
  5217 | D:5      | 5217 ||| Stepping ~*~*~tactically~*~*~ (hiding).
  5325 | D:5      | 5325 ||| Stepping ~*~*~tactically~*~*~ (stealth).
  5329 | D:5      | 5329 ||| Stepping ~*~*~tactically~*~*~ (hiding).
  5330 | D:5      | 5330 ||| Stepping ~*~*~tactically~*~*~ (hiding).
  5345 | D:5      | 5345 ||| Stepping ~*~*~tactically~*~*~ (hiding).
  5354 | D:5      | Killed Grinder
  5355 | D:5      | Reached XP level 9. HP: 37/55 MP: 9/9
  5409 | D:5      | 5409 ||| Stepping ~*~*~tactically~*~*~ (stealth).
  5410 | D:5      | 5410 ||| Stepping ~*~*~tactically~*~*~ (stealth).
  5415 | D:5      | 5415 ||| Stepping ~*~*~tactically~*~*~ (hiding).
  5416 | D:5      | 5416 ||| Stepping ~*~*~tactically~*~*~ (hiding).
  5417 | D:5      | 5417 ||| Stepping ~*~*~tactically~*~*~ (hiding).
  5430 | D:5      | 5430 ||| READING scroll of enchant weapon.
  5430 | D:5      | 5430 ||| ENCHANTING +1 broad axe.
  5553 | D:5      | Found a stormy altar of Qazlal.
  5687 | D:5      | 5687 ||| READING scroll labelled VOLLEAS YWNY.
  5687 | D:5      | Identified a scroll of acquirement
  5687 | D:5      | 5687 ||| ACQUIRING 643 gold pieces
  5687 | D:5      | Acquired 643 gold pieces
  5689 | D:5      | 5689 ||| READING scroll labelled FEAGUGEICI.
  5690 | D:5      | 5690 ||| READING scroll labelled GIUSHEN HOSEOTS.
  5712 | D:6      | 5712 ||| PLANNING OSSUARY
  5730 | D:6      | 5730 ||| Stepping ~*~*~tactically~*~*~ (stealth).
  5744 | D:6      | Reached skill level 9 in Axes
  5770 | D:6      | Found a staircase to the Ecumenical Temple.
  5937 | D:6      | Found a sand-covered staircase.
  5950 | D:6      | 5950 ||| UPGRADING to amulet of the acrobat.
  5955 | D:6      | 5955 ||| READING 4 scrolls of identify.
  5955 | D:6      | 5955 ||| IDENTIFYING inky potion
  5956 | D:6      | 5956 ||| DROPPING potion of flight.
  5963 | Ossuary  | Entered an ossuary
  6058 | Ossuary  | 6058 ||| READING scroll of enchant weapon.
  6058 | Ossuary  | 6058 ||| ENCHANTING +2 broad axe.
  6147 | Ossuary  | 6147 ||| DRINKING 2 grey potions.
  6148 | Ossuary  | 6148 ||| READING 3 scrolls of identify.
  6148 | Ossuary  | 6148 ||| IDENTIFYING lumpy brown potion
  6149 | Ossuary  | 6149 ||| DROPPING potion of degeneration.
  6150 | Ossuary  | 6150 ||| DROPPING potion of magic.
  6170 | D:6      | 6170 ||| PLANNING TEMPLE
  6202 | Temple   | Entered the Ecumenical Temple
  6454 | Temple   | 6454 ||| PLANNING D:1-11
  6596 | D:6      | 6596 ||| READING scroll of enchant weapon.
  6596 | D:6      | 6596 ||| ENCHANTING +3 broad axe.
  6659 | D:6      | 6659 ||| READING scroll of enchant weapon.
  6659 | D:6      | 6659 ||| ENCHANTING +4 broad axe.
  6722 | D:6      | 6722 ||| FLEEEEING.
  6771 | D:6      | Found an iron altar of Okawaru.
  6772 | D:6      | 6772 ||| PLANNING OKAWARU WORSHIP
  6802 | D:6      | Became a worshipper of Warmaster Okawaru
  6802 | D:6      | 6802 ||| PLANNING D:1-11
  7130 | D:7      | 7130 ||| Stepping ~*~*~tactically~*~*~ (hiding).
  7214 | D:7      | 7214 ||| Stepping ~*~*~tactically~*~*~ (hiding).
  7236 | D:7      | 7236 ||| Stepping ~*~*~tactically~*~*~ (stealth).
  7248 | D:7      | Found an ornate altar of the Wu Jian Council.
  7511 | D:7      | 7511 ||| DRINKING 2 fizzy purple potions.
  7533 | D:8      | Found a staircase to the Lair.
  7550 | D:8      | 7550 ||| Stepping ~*~*~tactically~*~*~ (hiding).
  7551 | D:8      | 7551 ||| Stepping ~*~*~tactically~*~*~ (hiding).
  7684 | D:8      | Reached skill level 10 in Axes
  7687 | D:8      | 7687 ||| Stepping ~*~*~tactically~*~*~ (hiding).
  7692 | D:8      | Reached * piety under Okawaru
  7697 | D:8      | Reached XP level 10. HP: 63/63 MP: 10/10
  7701 | D:8      | Reached skill level 1 in Invocations
  7701 | D:8      | 7701 ||| Stepping ~*~*~tactically~*~*~ (hiding).
  7719 | D:8      | Noticed Pikel
  7740 | D:8      | Killed Pikel
  7741 | D:8      | Reached skill level 6 in Armour
  7764 | D:8      | 7764 ||| FLEEEEING.
  7801 | D:8      | 7801 ||| Stepping ~*~*~tactically~*~*~ (stealth).
  7803 | D:8      | 7803 ||| Stepping ~*~*~tactically~*~*~ (stealth).
  7805 | D:8      | 7805 ||| Stepping ~*~*~tactically~*~*~ (hiding).
  7813 | D:8      | Reached skill level 3 in Invocations
  7818 | D:8      | 7818 ||| Stepping ~*~*~tactically~*~*~ (hiding).
  7819 | D:8      | 7819 ||| Stepping ~*~*~tactically~*~*~ (hiding).
  7980 | D:8      | 7980 ||| DROPPING +2 flail of draining.
  8118 | D:8      | Noticed a gargoyle
  8123 | D:8      | Noticed a gargoyle
  8123 | D:8      | Noticed a gargoyle
  8127 | D:8      | Killed a gargoyle
  8127 | D:8      | Reached ** piety under Okawaru
  8132 | D:8      | 8132 ||| INVOKING Heroism.
  8144 | D:8      | Killed a gargoyle
  8253 | D:8      | Noticed a deep elf pyromancer
  8253 | D:8      | Noticed a white ugly thing
  8259 | D:8      | 8259 ||| INVOKING Heroism.
  8263 | D:8      | HP: 15/64 [burnt (7)]
  8263 | D:8      | HP: 7/64 [white ugly thing (6)]
  8264 | D:8      | 8264 ||| READING scroll of teleportation.
  8270 | D:8      | 8270 ||| Stepping ~*~*~tactically~*~*~ (stealth).
  8280 | D:8      | 8280 ||| FLEEEEING.
  8281 | D:8      | 8281 ||| FLEEEEING.
  8282 | D:8      | 8282 ||| FLEEEEING.
  8283 | D:8      | 8283 ||| FLEEEEING.
  8284 | D:8      | 8284 ||| FLEEEEING.
  8285 | D:8      | 8285 ||| FLEEEEING.
  8286 | D:8      | 8286 ||| FLEEEEING.
  8287 | D:8      | 8287 ||| FLEEEEING.
  8288 | D:8      | 8288 ||| FLEEEEING.
  8291 | D:8      | 8291 ||| FLEEEEING.
  8292 | D:8      | 8292 ||| FLEEEEING.
  8293 | D:8      | 8293 ||| FLEEEEING.
  8294 | D:8      | 8294 ||| FLEEEEING.
  8295 | D:8      | 8295 ||| FLEEEEING.
  8296 | D:8      | 8296 ||| FLEEEEING.
  8297 | D:8      | 8297 ||| FLEEEEING.
  8298 | D:8      | 8298 ||| FLEEEEING.
  8299 | D:8      | 8299 ||| FLEEEEING.
  8300 | D:8      | 8300 ||| FLEEEEING.
  8301 | D:8      | 8301 ||| FLEEEEING.
  8302 | D:8      | 8302 ||| STAIRDANCE
  8464 | D:7      | 8464 ||| READING 4 scrolls of identify.
  8464 | D:7      | 8464 ||| IDENTIFYING viscous pink potion
  8467 | D:8      | 8467 ||| STAIRDANCE
  8470 | D:7      | 8470 ||| INVOKING Heroism.
  8472 | D:7      | HP: 15/64 [ice devil (4)]
  8472 | D:7      | HP: 7/64 [ice devil (8)]
  8675 | D:8      | 8675 ||| Stepping ~*~*~tactically~*~*~ (hiding).
  8679 | D:8      | 8679 ||| Stepping ~*~*~tactically~*~*~ (stealth).
  8686 | D:8      | Killed a deep elf pyromancer
  8687 | D:8      | Reached skill level 6 in Shields
  8687 | D:8      | 8687 ||| FLEEEEING.
  8693 | D:8      | Killed a white ugly thing
  8693 | D:8      | Reached *** piety under Okawaru
  8697 | D:8      | Killed a gargoyle
  8919 | D:8      | 8919 ||| PLANNING LAIR
  8919 | D:8      | 8919 ||| READING scroll labelled BUJURI GEBA.
  8941 | Lair:1   | Entered Level 1 of the Lair of Beasts
  8967 | Lair:1   | Identified the +10 falchion of the Fool {freeze, rPois}
  9002 | Lair:1   | 9002 ||| INVOKING Heroism.
  9098 | Lair:1   | 9098 ||| INVOKING Heroism.
  9200 | Lair:1   | Reached XP level 11. HP: 68/69 MP: 14/14
  9200 | Lair:1   | 9200 ||| Stepping ~*~*~tactically~*~*~ (stealth).
  9213 | Lair:1   | Reached skill level 11 in Axes
  9243 | Lair:1   | 9243 ||| INVOKING Heroism.
  9308 | Lair:1   | 9308 ||| Stepping ~*~*~tactically~*~*~ (stealth).
  9310 | Lair:1   | 9310 ||| INVOKING Heroism.
  9314 | Lair:1   | Reached skill level 9 in Fighting
  9329 | Lair:1   | 9329 ||| Stepping ~*~*~tactically~*~*~ (stealth).
  9335 | Lair:1   | 9335 ||| INVOKING Heroism.
  9655 | Lair:1   | 9655 ||| INVOKING Heroism.
  9656 | Lair:1   | 9656 ||| Stepping ~*~*~tactically~*~*~ (cloud).
  9776 | Lair:1   | Noticed a catoblepas
  9777 | Lair:1   | 9777 ||| Stepping ~*~*~tactically~*~*~ (hiding).
  9778 | Lair:1   | 9778 ||| Stepping ~*~*~tactically~*~*~ (hiding).
  9780 | Lair:1   | 9780 ||| Stepping ~*~*~tactically~*~*~ (hiding).
  9782 | Lair:1   | 9782 ||| INVOKING Heroism.
  9791 | Lair:1   | Killed a catoblepas
  9935 | Lair:1   | 9935 ||| Stepping ~*~*~tactically~*~*~ (stealth).
  9936 | Lair:1   | 9936 ||| INVOKING Heroism.
 10008 | Lair:1   | 10008 ||| UPGRADING to ring of see invisible.
 10050 | Lair:2   | 10050 ||| STAIRDANCE
 10126 | Lair:2   | 10126 ||| Stepping ~*~*~tactically~*~*~ (stealth).
 10129 | Lair:2   | 10129 ||| Stepping ~*~*~tactically~*~*~ (stealth).
 10141 | Lair:2   | 10141 ||| INVOKING Heroism.
 10145 | Lair:2   | Reached **** piety under Okawaru
 10146 | Lair:2   | Reached skill level 12 in Axes
 10150 | Lair:2   | Received a gift from Okawaru
 10193 | Lair:2   | 10193 ||| INVOKING Heroism.
 10358 | Lair:2   | 10358 ||| INVOKING Heroism.
 10362 | Lair:2   | Reached skill level 3 in Throwing
 10482 | Lair:2   | 10482 ||| INVOKING Heroism.
 10764 | Lair:2   | 10764 ||| INVOKING Heroism.
 10777 | Lair:2   | Reached XP level 12. HP: 57/77 MP: 13/15
 10850 | Lair:2   | 10850 ||| Stepping ~*~*~tactically~*~*~ (stealth).
 10851 | Lair:2   | 10851 ||| INVOKING Heroism.
 10860 | Lair:2   | HP: 17/77 [blink frog (11)]
 10861 | Lair:2   | 10861 ||| READING scroll of teleportation.
 10864 | Lair:2   | 10864 ||| INVOKING Heroism.
 11193 | Lair:2   | Reached skill level 6 in Invocations
 11281 | Lair:2   | 11281 ||| Stepping ~*~*~tactically~*~*~ (stealth).
 11286 | Lair:2   | Found a hole to the Spider Nest.
 11303 | Lair:2   | 11303 ||| DROPPING scarf of harm.
 11316 | Lair:2   | 11316 ||| INVOKING Heroism.
 11344 | Lair:2   | 11344 ||| INVOKING Heroism.
 11367 | Lair:2   | HP: 18/77 [jumping spider (6)]
 11369 | Lair:2   | 11369 ||| INVOKING Heroism.
 11389 | Lair:2   | HP: 4/77 [jumping spider (11)]
 11397 | Lair:2   | 11397 ||| INVOKING Heroism.
 11401 | Lair:2   | HP: 4/77 [jumping spider (4)]
 11402 | Lair:2   | Slain by a jumping spider

Levels and vault maps discovered:
D:1:      dpeg_arrival_rhombi, layout_loops_ring, moated_statue,
          nicolae_eternal_life, roderic_filled_cross, minmay_misc_feat_square,
          skrybe_limestone_x, minmay_misc_feat_enclosed
D:2:      cheibrodos_greedy_goblins, layout_rooms
D:3:      layout_basic, grunt_gozag_breadcrumbs, overflow_temple_1_default,
          marbit_many_paths
D:4:      layout_basic, overflow_temple_1_default, serial_shops,
          nicolae_shop_statue_plus, uniq_sigmund, uniq_natasha, uniq_ijyb,
          uniq_robin
D:5:      layout_cave_pools, grunt_temple_overflow_order_and_chaos_2,
          nicolae_qazlal_style_of_elements, hangedman_decor_clover_reticule,
          serial_bayou_pond_d, minivault_1, uniq_edmund, uniq_duvessa,
          uniq_grinder
D:6:      layout_rooms, okawaru_gym_becter, minmay_temple_entry_trees,
          enter_ossuary_3
D:7:      layout_loops_ring, mainiacjoe_overflow_tiny_flanked
D:8:      layout_cave_pools, lair_entry_dummy,
          dilly_guarded_unrand_elemental_staff, uniq_pikel
Temple:   compressed_dpeg_triangle_lava_temple
Lair:1:   layout_concentric_octagons, serial_bayou_shore_a,
          infiniplex_staircase_pool_2, grunt_megastairs_4
Lair:2:   layout_cave_pods, spider_nest_entry_a, wad_woods_03, lemuel_fruit_tree

Skill      XL: |  1  2  3  4  5  6  7  8  9 10 11 12 |
---------------+-------------------------------------+-----
Axes           | 2 3 5 6 7 8 10 12 | 12.6
Fighting       | 4 5 6 7 8 10 | 10.0
Dodging        | 2 |  2.3
Armour         | 4 5 6 8 |  8.0
Throwing       | 2 3 |  3.4
Shields        | 4 6 |  6.0
Invocations    | 4 5 6 |  6.3

Action                     |  1- 3 |  4- 6 |  7- 9 | 10-12 || total
---------------------------+-------+-------+-------+-------++-------
  Melee: War axe           |    91 |    90 |       |       ||   181
         Broad axe         |       |    21 |   431 |   308 ||   760
  Throw: Boomerang         |       |       |    49 |       ||    49
         Javelin           |       |       |       |    17 ||    17
 Invoke: Heroism           |       |       |       |    22 ||    22
    Use: Scroll            |     5 |     4 |    15 |     4 ||    28
         Potion            |       |     2 |     5 |       ||     7
 Armour: Scale mail        |    39 |    74 |    32 |       ||   145
         Chain mail        |       |       |   260 |   284 ||   544
  Dodge: Dodged            |    40 |    71 |   169 |   161 ||   441
  Block: Buckler           |    17 |    20 |    80 |    79 ||   196

Table legend:
 A = Non-vault XP
 B = Vault XP
 C = Vault XP percentage of total XP
 D = Non-vault monster count
 E = Vault monster count
 F = Vault count percentage of total count
                 A         B        C        D         E       F
            +---------+---------+-------+---------+---------+-------
      Total |   15032 |    6572 |  30.4 |     224 |      64 |  22.2
            +---------+---------+-------+---------+---------+-------
        D:1 |      40 |       0 |   0.0 |      23 |       0 |   0.0
        D:2 |      62 |      21 |  25.3 |      21 |      11 |  34.4
        D:3 |      74 |      14 |  15.9 |      21 |       1 |   4.5
        D:4 |     607 |     336 |  35.6 |      32 |      14 |  30.4
        D:5 |     790 |     657 |  45.4 |      22 |       4 |  15.4
        D:6 |    1088 |       7 |   0.6 |      19 |       2 |   9.5
        D:7 |     598 |     346 |  36.7 |      16 |       1 |   5.9
        D:8 |     591 |    3269 |  84.7 |      21 |       8 |  27.6
     Lair:1 |    3901 |     982 |  20.1 |      20 |       3 |  13.0
     Lair:2 |    7281 |     787 |   9.8 |      29 |       4 |  12.1
    Ossuary |       0 |     153 | 100.0 |       0 |      16 | 100.0
            +---------+---------+-------+---------+---------+-------
